 Dungeon Crawl Stone Soup version 0.27-a0-1579-g97d2440184 (webtiles) character file.

Game seed: 9707244899148297672

194 Spaninq the Firebug (level 5, -4/38 HPs)
             Began as a Demigod Fire Elementalist on July 17, 2021.
             Killed by divine providence
             ... invoked by an orc priest
              (7 damage)
             ... on level 4 of the Dungeon.
             The game lasted 00:10:05 (4518 turns).

Spaninq the Firebug (Demigod Fire Elementalist)     Turns: 4518, Time: 00:10:05

Health: -4/38      AC:  2    Str:  9    XL:     5   Next: 20%
Magic:  11/11      EV: 12    Int: 21    God:
Gold:   51         SH:  0    Dex: 14    Spells: 4/9 levels left

rFire    . . .     SeeInvis .   g - +0 whip
rCold    . . .     Faith    .   (no shield)
rNeg     . . .     Spirit   .   a - +0 robe
rPois    .         Reflect  .   (no helmet)
rElec    .         Harm     .   (no cloak)
rCorr    .         Rampage  .   (no gloves)
Will     .....                  (no boots)
Stlth    ++........             (no amulet)
HPRegen  0.12/turn              (no ring)
MPRegen  0.12/turn              (no ring)

@: no status effects
A: high mp 1, forlorn
a: no special abilities


You were on level 4 of the Dungeon.
You visited 1 branch of the dungeon, and saw 4 of its levels.

You collected 51 gold pieces.

Inventory:

Hand Weapons
 g - a +0 whip (weapon)
Armour
 a - a +0 robe (worn)
 c - a +0 kite shield
Jewellery
 b - a ring of wizardry
Wands
 r - a wand of flame (23)
Scrolls
 d - a scroll of magic mapping {unknown}
 e - 2 scrolls of identify {unknown}
 f - a scroll of torment {unknown}
 i - a scroll of vulnerability {unknown}
 k - a scroll of immolation {unknown}
 l - a scroll of fog {unknown}
 m - a scroll of fear {unknown}
Potions
 h - a potion of might {unknown}
 j - a potion of heal wounds {unknown}
 n - a potion of degeneration {unknown}
 o - a potion of haste {unknown}
 p - a potion of brilliance {unknown}
 q - a potion of lignification {unknown}


   Skills:
 - Level 2.0 Dodging
 - Level 2.0 Stealth
 + Level 2.5 Spellcasting
 * Level 3.0 Conjurations
 * Level 4.0 Fire Magic


You had 4 spell levels left.
You knew the following spells:

 Your Spells              Type           Power      Damage    Failure   Level
a - Foxfire               Conj/Fire      68%        2x1d7     3%          1
b - Sticky Flame          Conj/Fire      17%        2d4       32%         4

Your spell library contained the following spells:

 Spells                   Type           Power      Damage    Failure   Level
 Conjure Flame            Conj/Fire      17%        6-21      10%         3
 Sting                    Tmut/Pois      8%         1d3       14%         1
 Inner Flame              Hex/Fire       11%        N/A       19%         3
 Poisonous Vapours        Pois/Air       4%         N/A       22%         2
 Ignite Poison            Fire/Tmut/Pois 8%         N/A       24%         3
 Mephitic Cloud           Conj/Pois/Air  6%         N/A       28%         3
 Olgreb's Toxic Radiance  Pois           2%         N/A       80%         4
 Fireball                 Conj/Fire      8%         3d6       65%         5
 Bolt of Magma            Conj/Fire/Erth 6%         4d6       82%         5


Dungeon Overview and Level Annotations

Branches:
Dungeon (4/15)
 Temple: D:4-7

Shops:
D:1 *((:

Annotations:
D:4 1 runed translucent door, Crazy Yiuf


Innate Abilities, Weirdness & Mutations

Your attributes grow dramatically as you level up.
You have an increased reservoir of magic. (+10% MP)
You shall have no god before yourself.


Message History

You miscast Foxfire.
You are very lightly contaminated with residual magic.
Nothing appears to happen.
The foxfire hits the goblin.
You kill the goblin!
Unknown command.
Your foxfire dissipates!
Your magical contamination has completely faded away.
Things that are here:
a +0 dagger; a +0 hunting sling; 19 stones
Found a mace.
Found a runed translucent door.
Crazy Yiuf shouts!
Crazy Yiuf says, "Nubble forty-two Hive!"
There is a stone staircase leading down here.
The frilled lizard hisses angrily.
An orc priest comes into view.
It is wielding a +0 club. 3 orcs and an orc priest come into view.
The frilled lizard hisses angrily.
The orc shouts! x3; The orc priest shouts!
Casting: Foxfire (safe; 3% risk of failure)
Confirm with . or Enter, or press ? or * to list all spells.
You conjure some foxfire!
The orc priest mumbles some strange prayers to Beogh against you.
Beogh smites you!
Casting: Foxfire (safe; 3% risk of failure)
Confirm with . or Enter, or press ? or * to list all spells.
You conjure some foxfire!
The foxfire hits the orc but does no damage.
The orc priest mumbles some strange prayers to Beogh against you.
Pain shoots through your body!
Your foxfire dissipates!
The foxfire hits the orc but does no damage.
The orc priest calls down the wrath of Beogh upon you.
Beogh smites you!
* * * LOW HITPOINT WARNING * * *
The orc hits you but does no damage.
The orc priest invokes the aid of Beogh against you.
Beogh smites you!
* * * LOW HITPOINT WARNING * * *
The orc priest calls down the wrath of Beogh upon you.
Beogh smites you!
You die...

###..##.o.o.##...######.## #...#
#.#≈#######.##.......##..# #..##
#.### #o##.......##..####.##
#.#########o##.......##........#
#...).##.##.####'###+##.....#.##
##....#...#.###..#.........####
#.....#.#.o##............##
#....#..........#.........####
#.###....####.#@####....#..#.##
### #....# ##..# #...[...÷..+
♣....♣ #..# #....#..#.## ♣...♣♣
##..# ##....#.##.(## ♣♣.♣♣ #>#.#
#.......###..# ♣.♣♣ #...#
#.......# ##.. ♣♣.♣
#######.##.#.### ### ♣.♣♣
#............# ♣♣.♣
##.###.#.##.#.###


You could see an orc priest.

Vanquished Creatures
  An iguana (D:4)
  A scorpion zombie (D:3)
  4 adders
  A shadow imp (D:4)
  2 adder zombies (D:3)
  2 adder skeletons (D:3)
  2 dart slugs
  2 worms
  An orc (D:3)
  3 endoplasms
  A giant cockroach (D:1)
  5 goblins
  9 hobgoblins
  11 jackals
  4 quokkas
  2 ball pythons
  A ball python skeleton (D:3)
  8 bats
  5 frilled lizards
  10 kobolds
  3 rats
78 creatures vanquished.

Vanquished Creatures (collateral kills)
  A foxfire (D:3)
1 creature vanquished.

Vanquished Creatures (others)
  284 foxfires
  8 fungi (D:4)
292 creatures vanquished.

Grand Total: 371 creatures vanquished

Notes
Turn   | Place    | Note
-------+----------+-------------------------------------------
     0 | D:1      | Spaninq the Demigod Fire Elementalist began the quest for
                  | the Orb.
     0 | D:1      | Reached XP level 1. HP: 14/14 MP: 5/5
    42 | D:1      | Found Jilekla's Weapon Boutique.
    57 | D:1      | Found Qunoegih's Antique Weapon Boutique.
   105 | D:1      | Reached skill level 1 in Conjurations
   126 | D:1      | Found Osip Ete's Assorted Antiques.
   508 | D:1      | Reached XP level 2. HP: 20/20 MP: 0/7
   785 | D:1      | Found Jonnylil's Book Emporium.
   791 | D:1      | Reached skill level 3 in Fire Magic
  1094 | D:1      | Reached XP level 3. HP: 26/26 MP: 4/8
  2438 | D:2      | Reached XP level 4. HP: 33/33 MP: 1/10
  2444 | D:2      | Learned a level 4 spell: Sticky Flame
  3931 | D:4      | Reached XP level 5. HP: 38/38 MP: 7/11
  4017 | D:4      | Reached skill level 4 in Fire Magic
  4440 | D:4      | Found a runed translucent door.
  4441 | D:4      | Noticed Crazy Yiuf
  4518 | D:4      | Killed from afar by an orc priest

Illustrated notes

Levels and vault maps discovered:
D:1:      dpeg_arrival_shelter, layout_basic, serial_shops,
          nicolae_lakefront_shop, shop, nicolae_shop_crystal,
          nicolae_shop_competitors_out_of_business
D:2:      layout_basic, hellmonk_ecumenical_altar_zigzags
D:3:      layout_basic, pdpol_wu_jian_five_deadly_venoms, serial_undead,
          serial_undead_b, serial_undead_e, serial_undead_e, serial_undead_f,
          minivault_24, corexii_corridor_pit
D:4:      layout_loops_cross, okawaru_metal_pillars_3, serial_aquarium,
          aquarium_bridge_straight [aquarium_subvault_bridge,
          aquarium_subvault_window, aquarium_subvault_bridge,
          aquarium_subvault_balcony], aquarium_bridge_square
          [aquarium_subvault_wall, aquarium_subvault_bridge,
          aquarium_subvault_bridge, aquarium_subvault_wall], aquarium_window_1,
          aquarium_window_2, aquarium_window_fake, aquarium_window_1,
          aquarium_view_2a, aquarium_view_2d, aquarium_pool_S,
          minmay_fractal_squares_gapless_5, uniq_crazy_yiuf_cottage

Skill      XL: |  1  2  3  4  5 |
---------------+----------------+-----
Conjurations   | 1 2 3 |  3.0
Stealth        | 2 |  2.0
Dodging        | 2 |  2.0
Spellcasting   | 2 |  2.5
Fire Magic     | 3 4 |  4.0

Action                   |  1- 3 |  4- 6 || total
-------------------------+-------+-------++-------
Melee: Dagger            |    15 |       ||    15
       Whip              |     7 |     1 ||     8
 Cast: Foxfire           |   108 |    74 ||   182
 Stab: Distracted        |     1 |       ||     1
Armor: Robe              |     9 |     1 ||    10
Dodge: Dodged            |    37 |     1 ||    38

Table legend: (Time is in decaauts)
 A = Elapsed time spent in this place.
 B = Non-inter-level travel time spent in this place.
 C = Inter-level travel time spent in this place.
 D = Time resting spent in this place.
 E = Time spent auto-exploring this place.
 F = Levels seen in this place.
 G = Mean time per level.
                   A        B        C        D        E       F      G
               +--------+--------+--------+--------+--------+-----+--------+
         Total |   4517 |   4438 |     79 |   1014 |   2801 |   4 | 1129.2 |
       Dungeon |   4517 |   4438 |     79 |   1014 |   2801 |   4 | 1129.2 |
               +--------+--------+--------+--------+--------+-----+--------+

Top non-repeatable levels by time:
     D:1: 1519 daAuts
     D:2: 1423 daAuts
     D:3: 897 daAuts
     D:4: 677 daAuts
